 Dungeon Crawl Stone Soup version 0.31.0-32-g396128a36d (webtiles) character file.

Game seed: 6862569211858214133

94 TacoSundae the Ruffian (level 4, 0/21 HPs)
             Began as a Vine Stalker Shapeshifter on Apr 5, 2024.
             Was a Follower of Cheibriados.
             Slain by a cerulean imp
             ... wielding a +2 spear
             ... summoned by Natasha
              (1 damage)
             ... on level 2 of the Dungeon.
             The game lasted 00:03:22 (1189 turns).

TacoSundae the Ruffian (Vine Stalker Shapeshifter)  Turns: 1189, Time: 00:03:23

Health: 0/21       AC:  3    Str: 20    XL:     4   Next: 63%
Magic:  0/5        EV: 12    Int: 13    God:    Cheibriados [*.....]
Gold:   84         SH:  0    Dex: 18    Spells: 3/3 levels left

rFire   . .          .
                       - Unarmed
rCold   . . .        (no shield)
rNeg    . . .        j - +0 leather armour
rPois   .            (helmet currently unavailable)
rElec   .            (cloak currently unavailable)
rCorr   .            (gloves currently unavailable)
SInv    .            (boots currently unavailable)
Will    .....        k - amulet of regeneration
Stlth   +            (no ring)
HPRegen 1.83/turn    (no ring)
MPRegen 0.09/turn

%: guardian spirit
@: beast-form, very slow
A: beast (slay +2), fangs 2, regeneration 1, magic shield, antimagic bite, no
potion heal 2
a: Begin Untransformation, Renounce Religion, Bend Time


You were on level 2 of the Dungeon.
You worshipped Cheibriados.
Cheibriados was aware of your devotion.
You were a hulking beast.
You visited 1 branch of the dungeon, and saw 2 of its levels.

You collected 84 gold pieces.

Inventory:

Missiles
 n - 6 poisoned darts (quivered)
Armour
 j - a +0 leather armour (worn)
Magical Staves
 g - a staff of fire
Jewellery
 k - an amulet of regeneration (around neck)
Talismans
 c - a beast talisman
 d - a flux talisman
Scrolls
 a - a scroll of enchant weapon {unknown}
 f - 2 scrolls of teleportation {unknown}
 i - 2 scrolls of fog {unknown}
 l - a scroll of identify {unknown}
Potions
 b - a potion of lignification
 e - 2 potions of might {unknown}
 h - 2 potions of brilliance {unknown}
 m - a potion of mutation {unknown}
 o - a potion of enlightenment {unknown}


   Skills:
 - Level 0.8 Fighting
 - Level 1.5 Dodging
 + Level 4.2 Unarmed Combat
 + Level 4.1 Shapeshifting


You had 3 spell levels left.
You didn't know any spells.
Your spell library contained the following spells:

 Spells                   Type           Power      Damage    Failure   Level
 Apportation              Tloc           0%         N/A       36%         1
 Jinxbite                 Hex            0%         N/A       50%         2
 Call Canine Familiar     Summ           0%         N/A       73%         3
 Sigil of Binding         Hex            0%         N/A       73%         3
 Stone Arrow              Conj/Erth      0%         3d7       73%         3
 Animate Armour           Summ/Erth      0%         N/A       98%         4
 Dimensional Bullseye     Hex/Tloc       0%         N/A       98%         4
 Alistair's Intoxication  Alch           0%         N/A       100%        5
 Lehudib's Crystal Spear  Conj/Erth      0%         10d2      100%        8


Dungeon Overview and Level Annotations

Branches:
Dungeon (2/15)

Altars:
Cheibriados

Annotations:
D:2 Natasha


Innate Abilities, Weirdness & Mutations

You are a hulking beast.
Your limbs bulge with bestial killing power. (Slay +2)
You have extremely sharp teeth.
Your natural rate of healing is unusually fast.
When hurt, damage is shared between your health and your magic reserves.
Your bite disrupts and absorbs the magic of your enemies.
Potions cannot restore your health.


Message History

Found an emerald potion.
Natasha, Servant of Life and Death comes into view.
There is an open door here.
The helpless giant cockroach fails to defend itself.
You hit the giant cockroach.
Natasha hisses angrily.
You bite the giant cockroach, but do no damage.
The giant cockroach is moderately wounded.
The giant cockroach bites you but does no damage.
You punch the giant cockroach!
You kill the giant cockroach!
Cheibriados appreciates the change of pace.
Natasha casts a spell at you. You resist with some effort.
Natasha mumbles some strange words.
Natasha mumbles some strange words.
The cerulean imp hits you with a +2 spear.
You hit Natasha.
Natasha is lightly wounded.
Natasha claws you. The cerulean imp barely misses you.
You miss Natasha. You bite Natasha.
Natasha's magic leaks into the air.
You drain her magic.
You feel invigorated.
Natasha is moderately wounded.
Natasha claws you.
The cerulean imp hits you with a +2 spear.
The cerulean imp hits you from afar with a +1 spear.
You hit Natasha.
Natasha is heavily wounded.
Natasha claws you but does no damage. The cerulean imp barely misses you.
The cerulean imp hits you from afar with a +1 spear.
You hit Natasha.
Natasha is severely wounded.
Natasha claws you but does no damage. The cerulean imp closely misses you.
The cerulean imp hits you from afar with a +1 spear.
You hit Natasha.
Natasha is almost dead.
Natasha claws you!
* * * LOW HITPOINT WARNING * * *
The cerulean imp hits you with a +2 spear.
You die...

#.# ##'# #########.# #.#
##...##.........## ###.#
##.....#.###....... ##.#.#
##........# #.#...##
#######....###.........###.....#
.............'.........'.......#
.######....###.5.......###....##
.# #..### #h.5.....# #.#..### .#
#.## ##h....#.###....... .# #.#
##...##........### .# #.#
##'#######.#### .# ... #†# #.#
.# #.. #.# #.# ## #.# #.# ...
#.# ... #.# ... #.#


You could see Natasha (magic disrupted) and 2 cerulean imps.

Vanquished Creatures
  Natasha (twice) (D:2)
  An adder (D:2)
  A dart slug (D:2)
  2 endoplasms (D:1)
  2 giant cockroaches
  6 goblins
  5 jackals
  7 kobolds
  2 ball pythons
  2 bats (D:1)
  5 rats (D:1)
35 creatures vanquished.

Notes
Turn   | Place    | Note
-------+----------+-------------------------------------------
     0 | D:1      | TacoSundae the Vine Stalker Shapeshifter began the quest
                  | for the Orb.
     0 | D:1      | Reached XP level 1. HP: 9/9 MP: 2/2
    38 | D:1      | Reached XP level 2. HP: 13/14 MP: 1/3
   289 | D:1      | Found a faded altar of an unknown god.
   299 | D:1      | Prayed at the altar of an unknown god.
   299 | D:1      | Became a worshipper of Cheibriados the Contemplative
   299 | D:1      | Reached * piety under Cheibriados
   566 | D:2      | Reached XP level 3. HP: 17/17 MP: 4/4
   703 | D:2      | Noticed Natasha
   708 | D:2      | Killed Natasha
   767 | D:2      | Reached XP level 4. HP: 21/21 MP: 3/5
   813 | D:2      | Noticed Natasha
   820 | D:2      | Killed Natasha
  1180 | D:2      | Noticed Natasha
  1189 | D:2      | HP: 1/21 [Natasha (7)]
  1189 | D:2      | Slain by a cerulean imp

Illustrated notes

Levels and vault maps discovered:
D:1:      roderic_crop_circles_arrival_small, layout_rooms,
          ebering_ecumenical_altar_box
D:2:      layout_loops_corners, uniq_natasha

Skill      XL: |  1  2  3  4 |
---------------+-------------+-----
Unarmed Combat | 4 |  4.2
Shapeshifting  | 4 |  4.1
Fighting       | |  0.8
Dodging        | |  1.5

Action                     |  1- 3 |  4- 6 || total
---------------------------+-------+-------++-------
  Melee: Unarmed           |    59 |    19 ||    78
         Bite              |     6 |     7 ||    13
         Punch             |     1 |     1 ||     2
  Throw: Dart              |     2 |       ||     2
   Stab: Sleeping          |       |     1 ||     1
 Armour: Animal skin       |    16 |       ||    16
         Leather armour    |    10 |    16 ||    26
  Dodge: Dodged            |    32 |     9 ||    41
